 Dungeon Sprint DCSS version 0.28-a0-973-ga7f8b01127 (webtiles) character file.

Game seed: 7951935215898918735

5155 tatocazan the Impaler (level 10, 0/99 HPs)
             Began as a Minotaur Fighter on Dec 1, 2021.
             Was a High Priest of Okawaru.
             Slain by a 12-headed hydra (11 damage)
             ... in the Dungeon (Sprint IX: "|||||||||||||||||||||||||||||").
             The game lasted 00:03:24 (1573 turns).

tatocazan the Impaler (Minotaur Fighter)            Turns: 1573, Time: 00:03:25

Health: 0/99       AC: 17    Str: 25    XL:     10   Next: 33%
Magic:  15/15      EV: 16    Int:  5    God:    Okawaru [*****.]
Gold:   19         SH:  0    Dex: 13    Spells: 9/9 levels left

rFire   . . .      SeeInvis .   m - +2 halberd (protect)
rCold   . . .      Faith    .   (shield currently unavailable)
rNeg    . . .      Spirit   .   b - +0 scale mail
rPois   .          Reflect  .   (helmet restricted)
rElec   .          Harm     .   n - +0 cloak
rCorr   .          Rampage  .   (no gloves)
Will    .....      NoTele   +   (no boots)
Stlth   ..........              (no amulet)
HPRegen 0.26/turn               p - +3 ring of dexterity
MPRegen 0.14/turn               q - +2 ring of evasion

@: under a protective aura, hasted, very quick
A: horns 2, retaliatory headbutt
a: Renounce Religion, Heroism, Finesse


You were in the Dungeon.
You worshipped Okawaru.
Okawaru was extremely pleased with you.
You visited 1 branch You collected 19 gold pieces.

Inventory:

Hand Weapons
 a - a +0 trident
 d - a +0 mace
 m - a +2 halberd of protection (weapon)
Missiles
 u - 6 silver javelins (quivered)
Armour
 b - a +0 scale mail (worn)
 c - a +0 buckler
 n - a +0 cloak (worn)
 o - a +1 chain mail
Jewellery
 i - a ring of positive energy
 p - a +3 ring of dexterity (left hand)
 q - a +2 ring of evasion (right hand)
Scrolls
 j - 3 scrolls of blinking
 k - 2 scrolls of amnesia
 r - a scroll of fear
 s - 2 scrolls of identify
 t - 2 scrolls of enchant weapon
Potions
 e - 4 potions of curing
 f - 5 potions of heal wounds
 g - a potion of haste
 h - 4 potions of magic


   Skills:
 + Level 12.4 Fighting
 * Level 15.6 Polearms
 + Level 12.4 Armour
 + Level 9.7 Dodging
 + Level 12.3 Shields
 + Level 8.9 Invocations


You had 9 spell levels left.
You didn't know any spells.
Your spell library was empty.

Dungeon Overview and Level Annotations

Branches:
Dungeon (1/1)

Altars:
Cheibriados
Dithmenos
Elyvilon
Fedhas
Gozag
Hepliaklqana
Kikubaaqudgha
Makhleb
Nemelex Xobeh
Okawaru
Qazlal
Ru
Sif Muna
Trog
Uskayaw
Vehumet
Wu Jian
Xom
Yredelemnul
Zin
The Shining One
Beogh
Jiyva
Lugonu


Innate Abilities, Weirdness & Mutations

You have a pair of horns on your head.
You reflexively headbutt those who attack you in melee.


Message History

You hit the nine-headed hydra.
The nine-headed hydra is severely wounded.
The blink frog blinks!
The nine-headed hydra bites you.
The nine-headed hydra bites you but does no damage.
The nine-headed hydra misses you. The nine-headed hydra bites you.
The nine-headed hydra bites you!
* * * LOW HITPOINT WARNING * * *
The nine-headed hydra bites you but does no damage. x3
The nine-headed hydra barely misses you.
You take 15 damage, and have 24/99 hp.
You lop one of the nine-headed hydra's heads off!
The eight-headed hydra grows two more!
You hit the ten-headed hydra. You headbutt the ten-headed hydra.
The ten-headed hydra is heavily wounded.
The blink frog misses you.
You chop one of the ten-headed hydra's heads off!
The nine-headed hydra grows two more!
You hit the 11-headed hydra. You headbutt the 11-headed hydra.
The 11-headed hydra is heavily wounded.
The 11-headed hydra bites you but does no damage.
The 11-headed hydra closely misses you.
The 11-headed hydra bites you but does no damage.
The 11-headed hydra barely misses you. The 11-headed hydra closely misses you.
The 11-headed hydra misses you.
The 11-headed hydra bites you but does no damage.
The 11-headed hydra closely misses you. The 11-headed hydra barely misses you.
The 11-headed hydra bites you but does no damage. x2
You barely miss the 11-headed hydra.
The 11-headed hydra is heavily wounded.
The blink frog hits you!
* * * LOW HITPOINT WARNING * * *
You take 13 damage, and have 11/99 hp.
You lop one of the 11-headed hydra's heads off!
The ten-headed hydra grows two more!
You slice the 12-headed hydra!! You headbutt the 12-headed hydra!
The 12-headed hydra is severely wounded.
The blink frog blinks!
The 12-headed hydra bites you but does no damage.
The 12-headed hydra bites you!
You die...

▓_▓.▓
▓_▓.▓.▓
▓_▓.▓.▓
▓_▓.▓h▓
▓_▓.▓F▓
▓_▓.▓k▓
▓_▓.▓Y▓
▓_▓.▓D▓
▓_▓.▓@▓
▓_▓.▓F▓
▓_▓.▓.▓
▓_▓.▓.▓
▓_▓.▓.▓
▓_▓.▓.▓
▓_▓.▓÷▓
▓_▓.▓(▓
▓_▓.▓÷▓


You could see a 12-headed hydra (corroded), a polar bear, a yak (corroded), a
cane toad, a blink frog (corroded) and a rime drake.

Vanquished Creatures
  A hydra (D)
  A centaur warrior (D)
  2 deep elf pyromancers (D)
  A black mamba (D)
  A cane toad (D)
  A gargoyle (D)
  2 komodo dragons (D)
  A rime drake (D)
  A troll (D)
  A yak (D)
  A vampire (D)
  A steam dragon (D)
  A basilisk (D)
  2 water moccasins (D)
  An orc warrior (D)
  An ogre (D)
  2 bullfrogs (D)
  A howler monkey (D)
  An orc priest (D)
  2 adders (D)
  A shadow imp (D)
  An orc (D)
  2 giant cockroaches (D)
  A goblin (D)
  A kobold (D)
  A rat (D)
32 creatures vanquished.

Vanquished Creatures (others)
  An unseen horror (D)
1 creature vanquished.

Grand Total: 33 creatures vanquished

Notes
Turn   | Place    | Note
-------+----------+-------------------------------------------
     0 | D        | tatocazan the Minotaur Fighter began the quest for the Orb.
     0 | D        | Reached XP level 1. HP: 19/19 MP: 0/0
    10 | D        | Reached skill level 3 in Polearms
    18 | D        | Noticed an ogre
    24 | D        | Reached XP level 2. HP: 17/28 MP: 1/1
    33 | D        | Reached skill level 5 in Fighting
    33 | D        | Reached skill level 4 in Polearms
    33 | D        | Reached skill level 5 in Armour
    33 | D        | Reached skill level 5 in Shields
    35 | D        | Killed an ogre
    36 | D        | Reached skill level 5 in Polearms
    36 | D        | Reached XP level 3. HP: 17/38 MP: 2/2
    36 | D        | Reached XP level 4. HP: 21/45 MP: 3/3
    38 | D        | Reached skill level 6 in Polearms
   346 | D        | Found a snail-covered altar of Cheibriados.
   346 | D        | Found a shadowy altar of Dithmenos.
   346 | D        | Found a white marble altar of Elyvilon.
   346 | D        | Found a blossoming altar of Fedhas.
   346 | D        | Found an opulent altar of Gozag.
   347 | D        | Found a hazy altar of Hepliaklqana.
   348 | D        | Found a viscous altar of Jiyva.
   349 | D        | Found an ancient bone altar of Kikubaaqudgha.
   350 | D        | Found a corrupted altar of Lugonu.
   351 | D        | Found a burning altar of Makhleb.
   352 | D        | Found a sparkling altar of Nemelex Xobeh.
   353 | D        | Found an iron altar of Okawaru.
   354 | D        | Found a stormy altar of Qazlal.
   355 | D        | Found a sacrificial altar of Ru.
   356 | D        | Found a shimmering blue altar of Sif Muna.
   357 | D        | Found a bloodstained altar of Trog.
   358 | D        | Found a hide-covered altar of Uskayaw.
   359 | D        | Found a radiant altar of Vehumet.
   360 | D        | Found an ornate altar of the Wu Jian Council.
   361 | D        | Became a worshipper of Warmaster Okawaru
   362 | D        | Found a shimmering altar of Xom.
   363 | D        | Found a basalt altar of Yredelemnul.
   364 | D        | Found a glowing silver altar of Zin.
   365 | D        | Found a glowing golden altar of the Shining One.
   405 | D        | Noticed an orc warrior
   405 | D        | Noticed a yak
   405 | D        | Noticed a troll
   405 | D        | Noticed a steam dragon
   405 | D        | Noticed a vampire
   408 | D        | Killed a vampire
   409 | D        | Reached skill level 7 in Polearms
   409 | D        | Reached XP level 5. HP: 52/52 MP: 3/6
   413 | D        | Killed a steam dragon
   413 | D        | Reached * piety under Okawaru
   414 | D        | Reached skill level 9 in Polearms
   414 | D        | Reached XP level 6. HP: 60/61 MP: 3/7
   417 | D        | Killed a troll
   417 | D        | Reached ** piety under Okawaru
   418 | D        | Reached skill level 10 in Polearms
   418 | D        | Reached XP level 7. HP: 55/69 MP: 3/9
   419 | D        | Reached skill level 5 in Dodging
   423 | D        | Killed a yak
   424 | D        | Reached skill level 5 in Invocations
   429 | D        | Reached skill level 11 in Polearms
   819 | D        | Noticed a gargoyle
   819 | D        | Noticed a deep elf pyromancer
   819 | D        | Noticed a centaur warrior
   819 | D        | Noticed a deep elf pyromancer
   828 | D        | Killed a deep elf pyromancer
   829 | D        | Reached skill level 10 in Armour
   829 | D        | Reached XP level 8. HP: 78/79 MP: 7/11
   841 | D        | Killed a centaur warrior
   841 | D        | Reached *** piety under Okawaru
   842 | D        | Reached skill level 10 in Fighting
   842 | D        | Reached skill level 12 in Polearms
   842 | D        | Reached skill level 10 in Shields
   844 | D        | Noticed an unseen horror
   849 | D        | Killed a deep elf pyromancer
   849 | D        | Reached **** piety under Okawaru
   850 | D        | Reached skill level 13 in Polearms
   850 | D        | Reached XP level 9. HP: 60/86 MP: 9/13
   850 | D        | Killed an unseen horror
   855 | D        | Killed a gargoyle
  1132 | D        | Noticed a cane toad
  1132 | D        | Noticed a komodo dragon
  1132 | D        | Noticed a komodo dragon
  1133 | D        | Noticed a four-headed hydra
  1138 | D        | Killed a komodo dragon
  1138 | D        | Reached ***** piety under Okawaru
  1139 | D        | Reached skill level 14 in Polearms
  1154 | D        | Killed a komodo dragon
  1154 | D        | Received a gift from Okawaru
  1158 | D        | Killed a cane toad
  1158 | D        | Killed a four-headed hydra
  1159 | D        | Reached skill level 15 in Polearms
  1159 | D        | Reached XP level 10. HP: 48/97 MP: 13/15
  1160 | D        | Noticed a black mamba
  1178 | D        | Killed a black mamba
  1178 | D        | Received a gift from Okawaru
  1558 | D        | Noticed a four-headed hydra
  1561 | D        | Noticed a cane toad
  1573 | D        | Slain by a 12-headed hydra

Illustrated notes

Levels and vault maps discovered:
D:        linesprint [early_d, line_temple, items_1, d_10, items_2, lair_1,
          lair_end, items_3, orc_1, orc_end, items_4, d_15, swamp_1, shoals_1,
          snake_1, spider_1, d_20, vaults_1, items_5, swamp_end, shoals_end,
          snake_end, spider_end, vaults_end, d_27, items_6, zot_1, zot_end,
          crypt_end, forest_end, elf_end, slime_end, tomb_end, abyss_end,
          pan_hell_end]

Skill      XL: |  1  2  3  4  5  6  7  8  9 |
---------------+----------------------------+-----
Fighting       | 4 6 7 8 9 10 12 | 12.4
Polearms       | 3 5 7 9 10 11 13 15 | 15.6
Armour         | 4 6 7 8 10 12 | 12.4
Shields        | 4 6 7 8 9 10 12 | 12.3
Dodging        | 2 4 6 7 9 |  9.7
Invocations    | 2 3 4 5 7 8 |  8.9

Action                   |  1- 3 |  4- 6 |  7- 9 | 10-12 || total
-------------------------+-------+-------+-------+-------++-------
Melee: Trident           |    24 |     2 |       |       ||    26
       Headbutt          |     4 |     2 |    18 |     3 ||    27
       Halberd           |       |    11 |    54 |    18 ||    83
Invok: Heroism           |       |       |     1 |       ||     1
Evoke: Wand              |       |       |     7 |     3 ||    10
  Use: Potion            |     1 |     1 |     4 |     4 ||    10
 Stab: Invisible         |       |       |     2 |       ||     2
Armor: Scale mail        |     5 |     9 |    20 |    23 ||    57
Dodge: Dodged            |     6 |    12 |    46 |    29 ||    93
Block: Buckler           |     3 |       |       |       ||     3

Table legend: (Time is in decaauts)
 A = Elapsed time spent in this place.
 B = Non-inter-level travel time spent in this place.
 C = Inter-level travel time spent in this place.
 D = Time resting spent in this place.
 E = Time spent auto-exploring this place.
 F = Levels seen in this place.
 G = Mean time per level.
                   A        B        C        D        E       F      G
               +--------+--------+--------+--------+--------+-----+--------+
         Total |   1544 |   1544 |      0 |   1198 |     21 |   1 | 1544.0 |
       Dungeon |   1544 |   1544 |      0 |   1198 |     21 |   1 | 1544.0 |
               +--------+--------+--------+--------+--------+-----+--------+

Top non-repeatable levels by time:
       D: 1544 daAuts
